 Dungeon Crawl Stone Soup version 0.29-a0-275-g389c0b56f3 (webtiles) character file.

Game seed: 2201834910786975450

51 spaghetti the Shield-Bearer (level 3, -10/19 HPs)
             Began as a Vine Stalker Fighter on Mar 12, 2022.
             Killed from afar by Ijyb (27 damage)
             ... with a bolt of acid
             ... on level 3 of the Dungeon.
             The game lasted 00:02:22 (1715 turns).

spaghetti the Shield-Bearer (Vine Stalker Fighter)  Turns: 1715, Time: 00:02:23

Health: -10/19     AC: 11    Str: 20    XL:     3   Next: 81%
Magic:  0/4        EV: 10    Int:  8    God:
Gold:   114        SH:  4    Dex: 13    Spells: 2/2 levels left

rFire   . . .      SeeInvis .   h - +0 short sword (flame) {short}
rCold   . . .      Faith    .   c - +0 buckler
rNeg    . . .      Spirit   +   b - +0 scale mail
rPois   .          Reflect  .   (no helmet)
rElec   .          Harm     .   e - +0 cloak
rCorr   .          Rampage  .   (no gloves)
Will    .....                   (no boots)
Stlth   ..........              (no amulet)
HPRegen 0.06/turn               j - +4 ring of protection
MPRegen 0.09/turn               (no ring)

@: no status effects
A: fangs 2, magic shield, antimagic bite, no potion heal 2
a: no special abilities


You were on level 3 of the Dungeon.
You visited 1 branch of the dungeon, and saw 3 of its levels.

You collected 114 gold pieces.


Innate Abilities, Weirdness & Mutations

You have extremely sharp teeth.
When hurt, damage is shared between your health and your magic reserves.
Your bite disrupts and absorbs the magic of your enemies.
Potions cannot restore your health.


   Skills:
 - Level 2.6 Fighting
 - Level 2.0 Short Blades
 - Level 2.4 Armour
 + Level 2.5 Dodging
 - Level 2.6 Shields


You had 2 spell levels left.
You didn't know any spells.
Your spell library was empty.

Inventory:

Hand Weapons
 a - a +0 rapier {short}
 h - a +0 short sword of flaming (weapon) {short}
   (You took it off a goblin on level 1 of the Dungeon)
Missiles
 f - 81 stones (quivered) {throwing}
Armour
 b - a +0 scale mail (worn)
 c - a +0 buckler (worn)
 e - a +0 cloak (worn)
   (You found it on level 1 of the Dungeon)
 n - an orb of mayhem
   (You found it on level 1 of the Dungeon)
Magical Staves
 k - a staff of poison {!astaff}
   (You found it on level 1 of the Dungeon)
 l - a staff of conjuration {!a@e2staff}
   (You found it on level 1 of the Dungeon)
Jewellery
 g - an amulet of guardian spirit
   (You found it on level 1 of the Dungeon)
 j - a +4 ring of protection (left hand)
   (You found it on level 1 of the Dungeon)
Scrolls
 m - 3 scrolls of immolation {!r!r}
 o - a scroll of noise {!r}
Potions
 d - a potion of might
 i - 2 potions of degeneration {!q@e2}
 p - a potion of haste {unknown}

Dungeon Overview and Level Annotations

Branches:
Dungeon (3/15)

Altars:
Gozag

Shops:
D:2 (

Annotations:
D:3 Ijyb

.# #. #. #. #. #.##
######..###
..........#######.##
#######.....@$$$....
#...###g_(.### #...#
$$$.# #...# #####
#.########.<.####
........##......#
.............##.#
..#####.###>## # #.#
#.#


You could see Ijyb.


Message History

Key pressed, stopping explore.
A giant cockroach comes into view.
Found a stone staircase leading down.
A giant cockroach is nearby!
A giant cockroach is nearby!
You throw a stone {throwing}.
The stone {throwing} closely misses the giant cockroach.
A giant cockroach is nearby!
You barely miss the giant cockroach.
The giant cockroach bites you but does no damage.
You hit the giant cockroach. You burn the giant cockroach.
You kill the giant cockroach!
No target in view!
No target in view!
No target in view!
No target in view!
No target in view!
No target in view!
No target in view!
No target in view!
No target in view!
You see here a giant cockroach corpse.
Found a stone staircase leading up.
f - 84 stones {throwing} (gained 1)
There is a stone staircase leading up here.
There is a stone staircase leading up here.
There is a stone staircase leading down here.
A frilled lizard comes into view.
The frilled lizard hisses angrily.
A frilled lizard is nearby!
A frilled lizard is nearby!
You throw a stone {throwing}.
The stone {throwing} misses the frilled lizard.
You throw a stone {throwing}.
The stone {throwing} barely misses the frilled lizard.
You throw a stone {throwing}.
The stone {throwing} barely misses the frilled lizard.
You throw a stone {throwing}.
The stone {throwing} hits the frilled lizard.
You throw a stone {throwing}.
The stone {throwing} barely misses the frilled lizard.
You barely miss the frilled lizard. Your bite misses the frilled lizard.
You block the frilled lizard's attack.
The frilled lizard bites you but does no damage.
You closely miss the frilled lizard. You bite the frilled lizard.
You kill the frilled lizard!
No target in view!
No target in view!
No target in view!
No target in view!
No target in view!
No target in view!
No target in view!
No target in view!
No target in view!
f - 80 stones {throwing} (gained 1)
Found an opulent altar of Gozag.
f - 84 stones {throwing} (gained 4)
A rat comes into view.
A rat is nearby!
A rat is nearby!
You throw a stone {throwing}.
The stone {throwing} closely misses the rat.
You throw a stone {throwing}.
The stone {throwing} hits the rat but does no damage.
You throw a stone {throwing}.
The stone {throwing} closely misses the rat.
You throw a stone {throwing}.
The stone {throwing} barely misses the rat.
You throw a stone {throwing}.
The stone {throwing} hits the rat but does no damage.
You hit the rat. You burn the rat.
You kill the rat!
No target in view!
No target in view!
No target in view!
No target in view!
No target in view!
No target in view!
No target in view!
No target in view!
No target in view!
No target in view!
No target in view!
f - 80 stones {throwing} (gained 1)
f - 81 stones {throwing} (gained 1) Ijyb the Twisted Goblin comes into view.
She is wielding a +0 dagger and carrying a wand of acid (12).
Ijyb shouts!
You hit Ijyb but do no damage. You bite Ijyb, but do no damage.
Ijyb hits you with a +0 dagger. 😕 HP[-3] MP[-1]
You take 3 damage, and now have 16/19 hp.
You lost 1 mp, and now have 3/4 mp.
You closely miss Ijyb. You block Ijyb's attack. 😕 HP[+1]
You hit Ijyb but do no damage. You bite Ijyb, but do no damage.
Ijyb zaps a wand.
The bolt of acid hits you!!
Ouch! That really hurt!
You die...

Skill      XL: |  1  2  3 |
---------------+----------+-----
Dodging        | 1 2 |  2.5
Short Blades   | 2 |  2.0
Fighting       | |  2.6
Armour         | |  2.4
Shields        | |  2.6

Action                   || total
-------------------------++-------
Melee: Rapier            ||    30
       Bite              ||    21
       Short sword       ||    49
Throw: Stone             ||    57
  Use: Scroll            ||     5
Armor: Scale mail        ||    38
Dodge: Dodged            ||    34
Block: Buckler           ||    17

Levels and vault maps discovered:
D:1:      lemuel_arrival_river_ford, layout_loops_ring,
          shapermc_ecumenical_altar_hornbeckon, hangedman_decor_clover_reticule,
          minmay_misc_feat_more_columns
D:2:      layout_rooms, serial_shops, shop, roderic_filled_cross,
          chequers_serial_rivers_small_3
D:3:      layout_loops_ring, mainiacjoe_overflow_24_doors,
          nicolae_gozag_seed_capital, nemelex_spade_bored_becter,
          mainiacjoe_overflow_catch_the_wave, nicolae_vehumet_altar_sigil,
          mainiacjoe_overflow_small_starburst, lemuel_coloured_pillars_altar,
          uniq_ijyb, uniq_terence, uniq_natasha

Notes
Turn   | Place    | Note
-------+----------+-------------------------------------------
     0 | D:1      | spaghetti the Vine Stalker Fighter began the quest for the
                  | Orb.
     0 | D:1      | Reached XP level 1. HP: 11/11 MP: 2/2
     0 | D:1      | magus.rc [v1.9.6]
   215 | D:1      | Reached skill level 1 in Dodging
   216 | D:1      | Reached XP level 2. HP: 13/16 MP: 3/3
   643 | D:1      | Reached skill level 2 in Dodging
   684 | D:1      | Found a faded altar of an unknown god.
   740 | D:1      | Reached XP level 3. HP: 19/19 MP: 4/4
  1055 | D:2      | Found Muqoxky's Antique Weapon Emporium.
  1132 | D:2      | Reached skill level 2 in Short Blades
  1696 | D:3      | Found an opulent altar of Gozag.
  1712 | D:3      | Noticed Ijyb
  1715 | D:3      | Killed from afar by Ijyb

Vanquished Creatures
  An adder (D:2)
  A worm (D:2)
  2 dart slugs
  3 bats
  2 endoplasms (D:1)
  A giant cockroach (D:3)
  3 goblins
  4 hobgoblins
  3 jackals (D:1)
  2 quokkas
  2 ball pythons (D:1)
  2 frilled lizards
  4 kobolds (D:1)
  3 rats
33 creatures vanquished.

Table legend:
 A = Non-vault XP
 B = Vault XP
 C = Vault XP percentage of total XP
 D = Non-vault monster count
 E = Vault monster count
 F = Vault count percentage of total count
                 A         B        C        D         E       F
            +---------+---------+-------+---------+---------+-------
      Total |      73 |       0 |   0.0 |      33 |       0 |   0.0
            +---------+---------+-------+---------+---------+-------
        D:1 |      36 |       0 |   0.0 |      20 |       0 |   0.0
        D:2 |      33 |       0 |   0.0 |      10 |       0 |   0.0
        D:3 |       4 |       0 |   0.0 |       3 |       0 |   0.0
            +---------+---------+-------+---------+---------+-------

Illustrated notes

Table legend:
 A = Kills in this place as a percentage of kills in entire the game.
 B = Kills by you in this place as a percentage of kills by you in the entire game.
 C = Kills by friends in this place as a percentage of kills by friends in the entire game.
 D = Other kills in this place as a percentage of other kills in the entire game.
 E = Experience gained in this place as a percentage of experience gained in the entire game.
 F = Experience gained in this place divided by the number of levels of this place that you have seen.
                   A       B       C       D       E      F
               +-------+-------+-------+-------+-------+----------------------
         Total | 100.0 | 100.0 |   N/A |   N/A | 100.0 |  24.3
       Dungeon | 100.0 | 100.0 |   N/A |   N/A | 100.0 |  24.3
               +-------+-------+-------+-------+-------+----------------------

Table legend: (Time is in decaauts)
 A = Elapsed time spent in this place.
 B = Non-inter-level travel time spent in this place.
 C = Inter-level travel time spent in this place.
 D = Time resting spent in this place.
 E = Time spent auto-exploring this place.
 F = Levels seen in this place.
 G = Mean time per level.
                   A        B        C        D        E       F      G
               +--------+--------+--------+--------+--------+-----+--------+
         Total |   1741 |   1710 |     31 |    141 |   1312 |   3 |  580.3 |
       Dungeon |   1741 |   1710 |     31 |    141 |   1312 |   3 |  580.3 |
               +--------+--------+--------+--------+--------+-----+--------+

Top non-repeatable levels by time:
     D:1: 1002 daAuts
     D:2: 671 daAuts
     D:3: 67 daAuts
